Unix NetHack Version 3.7.0-73 Work-in-progress - last build Feb 17 2023 02:16:44 (48fe2e8c4a70f1d2d5b622443eb9b5bc1b8d05f7,branch:master). Game began 2023-02-17 11:52:14, ended 2023-02-17 12:05:40. mmj, chaotic female elven Wizard -+----------- |..........>| -------- |...........| ####.......| ##............| ####################### |......| ------- # --.---------- #-------------- ## |......| |?!!..| # #### ##* #|............-####### ###-......| |%)..f| # # # #######.............|######### |......| |)**@@| ### ##*# # ### ##|............|# |......| |?=!)r-### )############ ##|............|# ----|--- ------- -----..# #0## # ---.----------# # |.....-###*####################### #%# |...).| ####### # |.....|## # |......# # |.....| -.-|- ------- |.).| |<.)| |...| ----- Mmj the Conjurer St:8 Dx:12 Co:15 In:20 Wi:11 Ch:9 Chaotic Dlvl:4 $:55 HP:0(28) Pw:38(38) AC:9 Xp:4/137 T:2356 Burdened Latest messages: You have a little trouble lifting B - a food ration (2 in total). Your movements are slowed slightly because of your load. You see here a sling. You stop. Your kitten is in the way! You swap places with your kitten. You stop. Your kitten is in the way! In what direction? l The spell hits the gray ooze! You kill the gray ooze! You hear a jackal howling at the moon. You feel full of energy. You swap places with your kitten. The kitten bites the werejackal. That door is closed. The door opens. "Hello, mmj! Welcome to Manlobbi's general store!" You see here 6 crossbow bolts (for sale, 96 zorkmids). You see here a puce potion (for sale, 133 zorkmids). You see here a sapphire ring (for sale, 178 zorkmids). You see here a green gem (for sale, 3333 zorkmids). You see here a lance (for sale, 13 zorkmids). The kitten picks up a puce potion. The kitten eats a tripe ration. You see here a scroll labeled DUAM XNAHT (for sale, 133 zorkmids). You see here a lance (for sale, 13 zorkmids). You see here a food ration (for sale, 60 zorkmids). You see here a scroll labeled PHOL ENDE WODAN (for sale, 533 zorkmids). You see here a black potion (for sale, 200 zorkmids). You see here 7 silver arrows (for sale, 49 zorkmids). You see here a potion of water (for sale, 7 zorkmids). "For you, honored hiril; only 7 zorkmids for this potion of water." You have a little trouble lifting E - a potion of water (unpaid, 7 zorkmids). The kitten drops a puce potion. A potion of water for 7 zorkmids. Pay? [yn] (n) y You bought a potion of water for 7 gold pieces. "Thank you for shopping in Manlobbi's general store!" You see here a cream pie (for sale, 13 zorkmids). You hit the rabid rat. The rabid rat bites! The rabid rat bites! You miss the rabid rat. The rabid rat bites! You hit the rabid rat! The rabid rat bites! You miss the rabid rat. The rabid rat bites! The rabid rat's bite was poisoned! You die... Manlobbi gratefully inherits all your possessions. Do you want to see what you had when you died? [ynq] (y) q Inventory: Coins $ - 55 gold pieces Weapons a - a blessed +1 quarterstaff (weapon in hands) Armor b - an uncursed +0 cloak of magic resistance (being worn) z - an uncursed +0 dwarvish mithril-coat Comestibles r - an uncursed slime mold s - 2 cursed cram rations B - 2 uncursed food rations v - a cursed food ration C - an uncursed egg p - 3 uncursed lichen corpses Scrolls j - an uncursed scroll of confuse monster k - an uncursed scroll of create monster u - an uncursed scroll of enchant armor A - a blessed scroll of identify i - an uncursed scroll of light Spellbooks m - an uncursed spellbook of create monster l - a blessed spellbook of force bolt Potions g - a blessed potion of invisibility q - an uncursed potion of invisibility f - an uncursed potion of monster detection w - a blessed potion of paralysis x - a potion of holy water h - an uncursed potion of water E - an uncursed potion of water Rings o - an uncursed ring of invisibility e - an uncursed ring of protection from shape changers d - an uncursed ring of slow digestion (on right hand) y - an uncursed ring of teleport control Wands c - a wand of cold (0:5) t - a wand of lightning (0:3) D - a wand of slow monster (0:5) Tools n - an uncursed bugle Mmj the Wizard's attributes: Background: You were a Conjurer, a level 4 female elven Wizard. You were chaotic, nominally on a mission for Anhur who was opposed by Ptah (lawful) and Thoth (neutral). You were in the Dungeons of Doom, on level 4. You entered the dungeon 2356 turns ago. You had 137 experience points, 23 more were needed to attain level 5. Basics: You had 0 out of 28 hit points. You had all 38 energy points (spell power). Your armor class was 9. Your wallet contained 55 zorkmids. Autopickup was on, but temporarily disabled while inside the shop. Final Characteristics: Your strength was 8 (limit:18). Your dexterity was 12 (limit:18). Your constitution was 15 (limit:16). Your intelligence was 20 (limit:20). Your wisdom was 11 (limit:20). Your charisma was 9 (limit:18). Final Status: You were not hungry. You were burdened; movement was slightly slowed. You were wielding a quarterstaff. You had basic skill with quarterstaff. Final Attributes: You were piously aligned. You were magic-protected. You were sleep resistant. You were telepathic. You had infravision. You had slower digestion. You were warded. You are dead. Miscellaneous: You never encountered a bones level. Total elapsed playing time was 13 minutes and 25 seconds. Major events: Turn 1: mmj the chaotic female elven Wizard entered the dungeon 1298: attained the rank of Conjurer (level 3) 1391: entered the Gnomish Mines 2356: killed by a rabid rat Vanquished creatures: a rock mole a shrieker a gray ooze a floating eye 2 dwarves a werejackal an acid blob 2 hobbits a hobgoblin a giant rat 3 gnomes a gnome zombie 2 geckos 2 jackals 3 foxes a kobold a goblin 7 sewer rats 4 grid bugs 6 lichens a kobold zombie 3 newts 46 creatures vanquished. No species were genocided or became extinct. Voluntary challenges: You were an atheist. You read items or engraved 4 times. You engraved Elbereth 2 times. You never genocided any monsters. You never polymorphed an object. You never changed form. You used no wishes. Achievements: You attained the rank of Conjurer. You entered the Gnomish Mines. You entered a shop. The Dungeons of Doom: levels 1 to 4 Level 1: A fountain. Level 2: Some fountains. Level 3: A grave. Stairs down to The Gnomish Mines. Level 4: <- You were here. A general store. Final resting place for you, killed by a rabid rat. The Gnomish Mines: levels 4 to 5 Level 4: Level 5: Game over: ---------- / \ / REST \ / IN \ / PEACE \ / \ | mmj | | 55 Au | | killed by a | | rabid rat | | | | | | 2023 | *| * * * | * _________)/\\_//(\/(/\)/\//\/|_)_______ Goodbye mmj the Wizard... You died in The Dungeons of Doom on dungeon level 4 with 808 points, and 55 pieces of gold, after 2356 moves. You were level 4 with a maximum of 28 hit points when you died.